 Dungeon Crawl Stone Soup version 0.29.1-12-g30fa7ad0bf (webtiles) character file.

Game seed: 7789101675737151480

174 raph the Caller (level 5, -5/35 HPs)
             Began as a Merfolk Summoner on Dec 22, 2022.
             Killed from afar by Sigmund (8 damage)
             ... with a puff of flame
             ... on level 3 of the Dungeon.
             The game lasted 00:06:36 (3467 turns).

raph the Caller (Merfolk Summoner)                  Turns: 3467, Time: 00:06:36

Health: -5/35      AC:  4    Str:  8    XL:     5   Next: 54%
Magic:  5/8        EV: 12    Int: 17    God:
Gold:   81         SH:  0    Dex: 14    Spells: 2/8 levels left

rFire   . . .      SeeInvis .   d - +6 spear
rCold   . . .      Faith    .   (no shield)
rNeg    . . .      Spirit   .   a - +0 robe
rPois   .          Reflect  .   (no helmet)
rElec   .          Harm     .   n - +1 cloak
rCorr   .          Rampage  .   (no gloves)
Will    .....                   (no boots)
Stlth   ++........              (no amulet)
HPRegen 0.11/turn               (no ring)
MPRegen 0.11/turn               (no ring)

@: no status effects
A: (nimble swimmer 2), mertail
a: no special abilities


You were on level 3 of the Dungeon.
You visited 1 branch of the dungeon, and saw 3 of its levels.

You collected 81 gold pieces.

Inventory:

Hand Weapons
 d - a +6 spear (weapon)
Missiles
 e - 2 poisoned darts
 l - 7 boomerangs
Armour
 a - a +0 robe (worn)
 n - a +1 cloak (worn)
Scrolls
 h - a scroll of blinking
Potions
 b - 2 potions of magic
 c - a potion of degeneration {unknown}
 g - 4 potions of curing {unknown}
 j - 2 potions of brilliance {unknown}
 o - a potion of resistance {unknown}


   Skills:
 - Level 2.6 Dodging
 - Level 2.1 Stealth
 - Level 2.0 Spellcasting
 + Level 6.6 Summonings


You had 2 spell levels left.
You knew the following spells:

 Your Spells              Type           Power      Damage    Failure   Level
a - Summon Small Mammal   Summ           96%        N/A       1%          1
b - Call Imp              Summ           24%        N/A       1%          2
c - Call Canine Familiar  Summ           24%        N/A       3%          3

Your spell library contained the following spells:

 Spells                   Type           Power      Damage    Failure   Level
 Summon Guardian Golem    Hex/Summ       13%        N/A       14%         3
 Summon Lightning Spire   Summ/Air       13%        N/A       43%         4
 Dazzling Flash           Conj/Hex       2%         N/A       50%         3
 Iskenderun's Mystic Bla  Conj/Tloc      1%         2d3       88%         4
 Starburst                Conj/Fire      0%         6d3       100%        6


Dungeon Overview and Level Annotations

Branches:
Dungeon (3/15)

Altars:
Makhleb

Annotations:
D:3 Sigmund


Innate Abilities, Weirdness & Mutations

((You are very nimble when in or above water. (Stealth+, EV+, Speed+++)))
Your lower body shifts to a powerful aquatic tail in water.


Message History

Orders for allies: a - Attack new target. r - Retreat! s - Stop attacking. g - Guard the area. f - Follow me.
Anything else - Cancel.
Gang up on whom?
Press: ? - help, Dir - move target, f - hobgoblin
Aim: a hobgoblin, wearing a ring of protection from cold (ally target) Attack!
Your hound bites the hobgoblin but does no damage.
The hobgoblin hits your hound.
Your hound bites the hobgoblin.
Something hits you!
You swap places.
Your hound bites the hobgoblin.
The hobgoblin dies!
Your hound closely misses something.
Something hits you. What are your orders? t - Shout!
Orders for allies: a - Attack new target. r - Retreat! s - Stop attacking. g - Guard the area. f - Follow me.
Anything else - Cancel.
Guard this area!
Your hound bites something but does no damage.
Something hits you but does no damage.
Your hound misses something.
Your hound bites something but does no damage.
Your crimson imp hits something but does no damage.
Your hound barely misses something.
Something hits you.
Your crimson imp misses something.
Your hound closely misses something.
Your hound barely misses something.
Something hits you.
Your hound bites something. x2
You hit something.
Your hound closely misses something.
You hear some strange, mumbled words.
A puff of flame appears from out of thin air!
The puff of flame hits you!
* * * LOW HITPOINT WARNING * * *
Your crimson imp closely misses something.
You barely miss something.
Your hound closely misses something.
You hear some strange, mumbled words.
A puff of flame appears from out of thin air!
The puff of flame hits you!
You die...

........(.........##.# #.#
...........##.#....#.# #.#
.................#.#.####.#
...........##.##.#........#
......)......)##.....######
......÷)...#######.###
...........##...†..#
..........=##.####.#
...........)h{@..#.#
...........##5##.#.#
...........##.# ...#
...........##.# ####
..........##.#
.........##.# .........##.#
.#####.###.#


You could see a friendly hound (summoned) and a friendly crimson imp (summoned,
wandering).

Vanquished Creatures
  Terence (D:2)
  A white imp (D:3)
  A worm (D:2)
  A dart slug (D:1)
  An orc (D:3)
  4 ball pythons
  2 bats
  An endoplasm (D:1)
  A giant cockroach (D:1)
  3 goblins
  3 hobgoblins
  2 quokkas (D:1)
  A frilled lizard (D:2)
  2 kobolds (D:2)
24 creatures vanquished.

Vanquished Creatures (collateral kills)
  An orc priest (D:3)
  An orc wizard (D:3)
  2 adders (D:2)
  2 orcs (D:3)
  3 bats
  6 endoplasms
  2 giant cockroaches (D:2)
  4 goblins
  3 hobgoblins
  3 ball pythons
  A frilled lizard (D:2)
  6 kobolds
  3 rats
37 creatures vanquished.

Grand Total: 61 creatures vanquished

Notes
Turn   | Place    | Note
-------+----------+-------------------------------------------
     0 | D:1      | raph the Merfolk Summoner began the quest for the Orb.
     0 | D:1      | Reached XP level 1. HP: 13/13 MP: 3/3
   300 | D:1      | Reached XP level 2. HP: 10/19 MP: 1/5
   456 | D:1      | Learned a level 2 spell: Call Imp
   557 | D:1      | You fall into a shaft and drop 1 floor!
  1021 | D:1      | Reached XP level 3. HP: 24/24 MP: 4/6
  1025 | D:1      | Learned a level 3 spell: Call Canine Familiar
  1300 | D:1      | Reached skill level 5 in Summonings
  1754 | D:2      | Noticed Terence
  1765 | D:2      | Killed Terence
  1766 | D:2      | Reached XP level 4. HP: 30/30 MP: 1/7
  1978 | D:2      | Found a faded altar of an unknown god.
  2578 | D:3      | Found a burning altar of Makhleb.
  2687 | D:3      | Reached skill level 6 in Summonings
  2994 | D:3      | Reached XP level 5. HP: 35/35 MP: 3/8
  3441 | D:3      | Noticed Sigmund
  3467 | D:3      | Killed from afar by Sigmund

Illustrated notes

Levels and vault maps discovered:
D:1:      lightli_arrival_noodles, layout_basic
D:2:      minmay_kobold_bridge, layout_rooms, shapermc_ecumenical_altar_pompeii,
          kennysheep_decorative_pillar, minmay_fountain_box, uniq_terence
D:3:      layout_basic, nicolae_qazlal_general_emergency,
          mainiacjoe_overflow_tiny_flanked, nicolae_overflow_hidden_temple,
          uniq_sigmund

Skill      XL: |  1  2  3  4 |
---------------+-------------+-----
Summonings     | 5 6 |  6.6
Dodging        | |  2.6
Stealth        | |  2.1
Spellcasting   | |  2.0

Action                   |  1- 3 |  4- 6 || total
-------------------------+-------+-------++-------
Melee: Spear             |    38 |    20 ||    58
       Unarmed           |     2 |       ||     2
 Cast: Summon Small Mamm |    25 |     9 ||    34
       Call Imp          |     6 |    10 ||    16
       Call Canine Famil |     1 |     7 ||     8
  Use: Scroll            |       |     6 ||     6
 Stab: Sleeping          |     1 |     1 ||     2
Armor: Robe              |     6 |     4 ||    10
Dodge: Dodged            |    32 |     8 ||    40
